AoeStats
← Franta Kocourek

Black Forest

506373530Analyzed
1v1 RM · 20d ago on Sep 13, 2026· 46m 59s· 2 players
Game mode
Random Map
Map size
Tiny (2 player)
Population
200
Speed
Normal
Resources
Standard
Victory
Conquest
Starting age
Dark Age
Ending age
Imperial Age
RankedLock teamsTeams togetherTeam positionsShared explorationLock speedFull tech treeHidden civsTurbo modeCheats
Victory
Defeat
🇺🇸 Bohemians · United States
874
+15
🇨🇿 Cumans · Czechia
844
-15
Franta Kocourek
11:20 Feudal Age
11:52 Double-Bit Axe
15:18 Wheelbarrow
15:58 Horse Collar
18:33 Gold Mining
21:01 Loom
23:43 Castle Age
22:10 Forging
22:15 Stone Mining
22:44 Fletching
24:17 Bloodlines
24:18 Scale Barding Armor
24:39 Squires
24:21 Crossbowman
27:35 Gold Shaft Mining
27:22 Thumb Ring
28:36 Bow Saw
28:35 Bodkin Arrow
31:42 Iron Casting
31:28 Chain Barding Armor
32:59 Town Watch
34:03 Hand Cart
37:30 Imperial Age
36:42 Heavy Plow
37:47 Ballistics
37:41 Masonry
39:45 Two-Man Saw
40:34 Elite Steppe Lancer
43:16 Blast Furnace
42:52 Plate Barding Armor
42:11 Elite Kipchak
PickledCheese
3:05 Loom
11:21 Feudal Age
11:52 Horse Collar
11:59 Double-Bit Axe
12:55 Town Watch
15:01 Wheelbarrow
19:47 Castle Age
21:44 Bow Saw
22:26 Pikeman
23:07 Squires
23:50 Town Patrol
26:09 Chemistry
25:35 Ballistics
25:09 Fletching
25:31 Forging
27:40 Heavy Plow
29:56 Hand Cart
30:40 Scale Mail Armor
31:15 Iron Casting
34:05 Imperial Age
32:20 Wagenburg Tactics
34:39 Chain Mail Armor
34:21 Bodkin Arrow
35:44 Houfnice
36:20 Halberdier
39:45 Blast Furnace
38:31 Treadmill Crane
39:33 Conscription
40:58 Masonry
40:57 Siege Engineers
41:09 Fortified Wall
45:24 Plate Mail Armor
44:55 Bracer
Connection lost

Rejoining the realm…

Still unreachable

The connection could not be restored.

Session expired

The server has moved on; the page needs a fresh start.